AoeStats
← Svenski

Nomad

509880176Analyzed
3v3 RM · 4d ago on Sep 28, 2026· 30m 17s· 6 players
Game mode
Random Map
Map size
210×210
Population
200
Speed
Normal
Resources
Standard
Victory
Conquest
Starting age
Dark Age
Ending age
Imperial Age
RankedLock teamsTeams togetherTeam positionsShared explorationLock speedFull tech treeHidden civsTurbo modeCheats
Victory
Defeat
🇧🇪 Bulgarians · Belgium
1253
+12
🇵🇪 Mongols · Peru
1199
+14
🇭🇰 Wei · Hong Kong SAR China
1162
+16
🇨🇳 Mongols · China
1276
-18
🇬🇧 Cumans · United Kingdom
1133
-13
🇹🇼 Persians · Taiwan
1090
-11
Execute290
4:40 Loom
13:27 Feudal Age
17:36 Castle Age
19:31 Fletching
19:42 Padded Archer Armor
19:35 Double-Bit Axe
20:36 Bodkin Arrow
20:40 Gold Mining
26:08 Leather Archer Armor
26:14 Horse Collar
kaaaboooom
13:55 Feudal Age
14:30 Double-Bit Axe
14:38 Gold Mining
14:36 Fishing Lines
19:19 Castle Age
20:40 Man-at-Arms
23:08 Loom
23:59 Wheelbarrow
23:55 Fletching
29:26 Scale Mail Armor
Svenski
15:28 Feudal Age
17:01 Town Watch
17:11 Loom
19:49 Castle Age
17:43 Horse Collar
17:51 Double-Bit Axe
20:55 Bow Saw
24:02 Wheelbarrow
23:13 Town Watch
23:33 Heavy Plow
23:32 Stone Mining
23:37 Gold Mining
26:51 Hand Cart
26:37 Town Patrol
28:18 Scale Barding Armor
28:23 Forging
28:14 Scale Mail Armor
29:38 Gold Shaft Mining
29:57 Chain Barding Armor
30:17 Iron Casting
30:33 Chain Mail Armor
OtsBmd
12:51 Loom
14:56 Feudal Age
15:52 Double-Bit Axe
15:51 Horse Collar
16:38 Town Watch
16:54 Fishing Lines
20:49 Castle Age
18:53 Fletching
20:46 Scale Barding Armor
21:39 Gillnets
23:32 Forging
24:58 Bloodlines
30:13 Wheelbarrow
bearwilson2001
9:40 Loom
14:05 Feudal Age
14:54 Double-Bit Axe
19:50 Castle Age
18:00 Gold Mining
18:18 Horse Collar
20:05 Scale Barding Armor
21:20 Bow Saw
21:25 Bloodlines
28:45 Fletching
29:25 Husbandry
30:24 Bodkin Arrow
pickmyself or end
Connection lost

Rejoining the realm…

Still unreachable

The connection could not be restored.

Session expired

The server has moved on; the page needs a fresh start.